 Dungeon Crawl Stone Soup version 0.21.1-68-g103a7afc0a (webtiles) character file.

149 Tovisen the Skirmisher (level 5, 0/47 HPs)
             Began as a Hill Orc Monk on Aug 2, 2018.
             Was a Believer of Qazlal.
             Killed from afar by an orc wizard (9 damage)
             ... with a magic dart
             ... on level 3 of the Dungeon.
             The game lasted 00:10:58 (3572 turns).

Tovisen the Skirmisher (Hill Orc Monk)              Turns: 3572, Time: 00:10:58

Health: 0/47       AC:  8    Str: 15    XL:     5   Next: 31%
Magic:  5/5        EV:  7    Int: 10    God:    Qazlal [**....]
Gold:   34         SH:  3    Dex: 13    Spells: 4/4 levels left

rFire    . . .     SeeInvis .   a - +0 mace
rCold    . . .     Gourm    .   (no shield)
rNeg     . . .     Faith    .   p - +0 chain mail
rPois    .         Spirit   .   (no helmet)
rElec    .         Reflect  .   (no cloak)
rCorr    .         Harm     .   (no gloves)
MR       .....                  (no boots)
Stlth    ..........             (no amulet)
HPRegen  0.15/turn              (no ring)
MPRegen  0.09/turn              (no ring)

@: no status effects
A: no striking features
a: Upheaval, Renounce Religion


You were on level 3 of the Dungeon.
You worshipped Qazlal.
Qazlal was pleased with you.
You were not hungry.

You visited 1 branch of the dungeon, and saw 3 of its levels.

You collected 34 gold pieces.

Inventory:

Hand Weapons
 a - a +0 mace (weapon)
Missiles
 i - 65 arrows
Armour
 b - a +0 robe
 p - a +0 chain mail (worn)
Jewellery
 l - an uncursed ring of protection from fire {unknown}
Wands
 o - a wand of random effects (30)
Scrolls
 d - a scroll of teleportation {unknown}
 e - a scroll of remove curse {unknown}
 g - 3 scrolls of identify {unknown}
 k - a scroll of fog {unknown}
 n - a scroll of blinking {unknown}
Potions
 h - a potion of lignification {unknown}
 j - a potion of flight {unknown}
Comestibles
 c - 3 rations


   Skills:
 + Level 4.5 Fighting
 + Level 4.4 Maces & Flails
 + Level 1.8 Armour
 + Level 3.1 Dodging
 + Level 2.1 Stealth


You had 4 spell levels left.
You didn't know any spells.

Dungeon Overview and Level Annotations

Branches:
Dungeon (3/15)

Altars:
Qazlal

Annotations:
D:3 Ijyb


Message History

Things that are here:
a +0 leather armour; a short sword A magic dart appears from out of thin air!
The magic dart hits you!
A puff of flame appears from out of thin air!
The puff of flame hits you!
A magic dart appears from out of thin air!
The magic dart hits you!
An orc wizard appears from thin air!
Reactivating autopickup.
The orc wizard casts a spell at you. The magic dart hits you!
* * * LOW HITPOINT WARNING * * *
All of the chunks of flesh in your inventory have rotted away.
The orc wizard mumbles some strange words.
The orc wizard flickers and vanishes!
Deactivating autopickup; reactivate with Ctrl-A.
A magic dart appears from out of thin air!
The magic dart hits you!
You die...

#.......# #
##############.......## #.
#........=..##........# ##
#.#####...........##......#.##..
#....%..........?.##......#..#..
#.................##.......#.#..
#.........[.......##.......#....
#.....(.....(...§.##o.......#(.$
#.....).<......@........###.#...
#..........############## #..#..
#.########## ##.... # #o.÷.
#o... #.... #o... #############
#.#.. #.....†.....# #[#..


You could see an orc.

Vanquished Creatures
  Terence (D:3)
  6 adders
  3 worms
  2 dart slugs
  2 leopard geckos
  2 orcs
  A ball python (D:1)
  11 bats
  A giant cockroach (D:2)
  7 goblins
  4 hobgoblins
  3 quokkas
  8 kobolds
  7 rats
58 creatures vanquished.

Notes
Turn   | Place    | Note
-------+----------+-------------------------------------------
     0 | D:1      | Tovisen the Hill Orc Monk began the quest for the Orb.
     0 | D:1      | Reached XP level 1. HP: 19/19 MP: 1/1
   172 | D:1      | Reached XP level 2. HP: 27/27 MP: 2/2
   817 | D:1      | Reached XP level 3. HP: 31/33 MP: 3/3
  1237 | D:2      | Found a stormy altar of Qazlal.
  1247 | D:2      | Became a worshipper of Qazlal Stormbringer
  1247 | D:2      | Reached * piety under Qazlal
  1247 | D:2      | Reached ** piety under Qazlal
  1450 | D:2      | HP: 1/33 [quokka (2)]
  1934 | D:3      | Reached XP level 4. HP: 34/40 MP: 4/4
  1936 | D:3      | Noticed Ijyb
  2592 | D:2      | Reached skill level 1 in Armour
  3304 | D:3      | Noticed Terence
  3316 | D:3      | Reached XP level 5. HP: 46/47 MP: 5/5
  3338 | D:3      | Killed Terence
  3572 | D:3      | Killed from afar by an orc wizard

Skill      XL: |  1  2  3  4 |
---------------+-------------+-----
Fighting       | 4 |  4.5
Dodging        | 3 |  3.1
Stealth        | 2 |  2.1
Maces & Flails | 4 |  4.4
Armour         | 1 |  1.8

Action                   |  1- 3 |  4- 6 || total
-------------------------+-------+-------++-------
Melee: Mace              |   126 |   115 ||   241
 Stab: Sleeping          |     1 |       ||     1
  Eat: Chunk             |     3 |     3 ||     6
       Ration            |       |     1 ||     1
Armor: Robe              |    13 |       ||    13
       Leather armour    |    17 |    22 ||    39
       Chain mail        |       |    13 ||    13
Dodge: Dodged            |   109 |    91 ||   200
Block: Other             |     8 |    22 ||    30
